[Event "Lliga Catalana Relegation 2024"]
[Site "Catalonia"]
[Date "2024.03.16"]
[Round "1.1"]
[White "Alvarado Diaz, Alejandro"]
[Black "Pomes Marcet, Joan"]
[Result "1-0"]
[ECO "D11"]
[WhiteElo "2489"]
[BlackElo "2235"]
[Annotator "TA"]
[PlyCount "129"]
[EventDate "2024.01.18"]
[EventType "team-tourn"]
[EventCountry "ESP"]
[SourceTitle "playchess.com"]
[Source "ChessBase"]
[SourceQuality "1"]
[TimeControl "5400+30"]

1. d4 d5 2. c4 c6 3. Nf3 Nf6 4. Qc2 Na6 5. cxd5 Nb4 6. Qb3 {[%emt 0:00:20] D11: Slav Defence: 3 Nf3 sidelines and 3...Nf6 4 e3 Bg4.} Nbxd5 7. Nbd2 $146 ({Predecessor:} 7. Nc3 Qb6 8. Nxd5 Nxd5 9. Qxb6 axb6 10. Bd2 Bf5 11. Nh4 e6 12. Nxf5 exf5 13. e3 {½-½ Quaranta,C (2088)-Midonet,M (2116) Salento op 1st 2012 (3)}) 7... Qb6 8. a3 Qxb3 9. Nxb3 a5 10. e3 g6 11. Bd2 a4 12. Nc5 Bg7 13. Rc1 O-O 14. Be2 Nd7 15. Nd3 e6 16. O-O Re8 17. e4 N5f6 18. e5 Nd5 19. Rfe1 h6 20. Bf1 Rd8 21. h4 Kh7 22. Red1 Bf8 23. Be1 N7b6 24. g3 Bd7 25. Nd2 Be8 26. Ne4 Nc8 27. Bg2 Ra7 28. Rc2 Kg7 29. Nc1 Be7 30. Bh3 b6 31. Ne2 Rc7 32. Rdc1 Na7 33. Rc4 b5 34. R4c2 Rb7 35. Nc5 Bxc5 36. Rxc5 Ne7 (36... b4 $11) 37. Ba5 Rdd7 38. R5c2 Nd5 39. Bg2 Rb8 40. Rd1 (40. Nc3 $16) 40... Ne7 (40... b4 $14) 41. Bb4 Nd5 42. Bc5 Nc8 43. g4 Rd8 44. Ng3 Ncb6 45. Ne4 Nc8 46. Bf1 Bd7 47. Rd3 Rb7 48. Rf3 Be8 49. Kh2 Rb8 50. Kg3 Rb7 51. Rd3 Rbd7 52. Bh3 Rb7 53. f4 f5 (53... Bd7 $16 54. Rf3 f6 55. exf6+ Nxf6 56. Nxf6 Kxf6) 54. exf6+ $18 Nxf6 55. Nxf6 Kxf6 56. g5+ Kg7 (56... hxg5 $142 57. fxg5+ Kg7) 57. Bxe6 Nd6 58. Re3 (58. Bb4 $18) 58... hxg5 (58... Bf7 $16 59. Kf2 h5) 59. hxg5 Bf7 60. Kf2 Nc4 (60... Bxe6 $16 61. Rxe6 Nf5) 61. Re1 $18 (61. Bxc4 bxc4 62. Be7 Rdb8 $16) 61... Bxe6 (61... Nb6 $142 62. Bxf7 Kxf7) 62. Rxe6 $18 Rf7 63. Kg3 ({Not} 63. Rxc6 Rxf4+ 64. Kg3 Rf5 $16) 63... Rc8 64. d5 cxd5 65. Bd4+ 1-0

[Event "Lliga Catalana Relegation 2024"]
[Site "Catalonia"]
[Date "2024.04.06"]
[Round "1.1"]
[White "Garriga Cazorla, Pere"]
[Black "Castillo Dalmau, Albert"]
[Result "1/2-1/2"]
[ECO "D30"]
[WhiteElo "2470"]
[BlackElo "2329"]
[Annotator "TA"]
[PlyCount "85"]
[EventDate "2024.01.18"]
[EventType "team-tourn"]
[EventCountry "ESP"]
[SourceTitle "playchess.com"]
[Source "ChessBase"]
[SourceQuality "1"]
[TimeControl "5400+30"]

1. d4 d5 2. c4 e6 3. Nf3 a6 4. Bg5 Be7 5. Bxe7 Qxe7 6. Nbd2 Nf6 7. g3 b6 8. Bg2 Bb7 9. cxd5 exd5 10. Rc1 c5 11. O-O {[%emt 0:09:08] Qb3 is the strong threat.} Nbd7 12. dxc5 bxc5 13. Qb3 Rb8 14. Qa3 O-O 15. e3 Rfe8 16. Rfd1 h5 17. Ne1 d4 18. exd4 {[%emt 0:17:32] [#] Black must now prevent Bxb7.} (18. Bxb7 {is interesting.} dxe3 19. Bxa6 exf2+ 20. Kxf2 Ra8 21. Kg1) 18... Bxg2 19. Nxg2 cxd4 20. Qxe7 Rxe7 21. Rb1 Ne5 22. Ne1 Reb7 23. Nb3 Nd5 24. f4 (24. Nxd4 $2 {is the wrong capture.} Nc3 (24... Rxb2 25. Rxb2 Rxb2 26. Ndf3 $11) 25. b3 Nxd1 (25... Nxa2 26. Ra1 $11) 26. Rxd1 Rd8 $19) 24... Nc6 25. Nd3 a5 26. Nbc5 Re7 27. Re1 Rbe8 28. Rxe7 Rxe7 29. Kf2 Ne3 30. h3 {[%emt 0:00:57] Wards off Ng4+} Nb4 31. Nxb4 axb4 $14 {[%emt 0:00:04][%mdl 4096] Endgame. KRN-KRN} 32. Nd3 Nd5 (32... b3 $11 33. axb3 Rb7) 33. Rc1 (33. Re1 $16 {Rxe7 would now be deadly.} Rd7 34. Re8+ Kh7 35. Ne5) 33... Re3 $11 {[%emt 0:00:21] The position is equal.} 34. Rd1 {[%emt 0:00:43][%cal Od3b4] [#] And now Nxb4! would win.} h4 35. gxh4 {[%emt 0:04:29] Hoping for Nc5.} Rxh3 36. Ne5 Rh2+ 37. Kg3 Rxb2 38. Rxd4 Nf6 39. Rd8+ Kh7 40. f5 Rxa2 41. Nxf7 g6 42. Rb8 gxf5 43. Rxb4 {[%emt 0:03:28] Weighted Error Value: White=0.09 (flawless) /Black=0.10 (very precise) .  Mistake:       	White=1     	Black=1      Inaccurate:     	White=1     	Black=2      OK:         	White=15    	Black=17     Best:        	White=2     	Black=1} 1/2-1/2

[Event "Lliga Catalana Relegation 2024"]
[Site "Catalonia"]
[Date "2024.03.16"]
[Round "1.2"]
[White "Duran Albareda, Xavier"]
[Black "Comas Fabrego, Lluis"]
[Result "1/2-1/2"]
[ECO "D00"]
[WhiteElo "2267"]
[BlackElo "2420"]
[Annotator "TA"]
[PlyCount "38"]
[EventDate "2024.01.18"]
[EventType "team-tourn"]
[EventCountry "ESP"]
[SourceTitle "playchess.com"]
[Source "ChessBase"]
[SourceQuality "1"]
[TimeControl "5400+30"]

1. d4 Nf6 2. Nc3 d5 3. Bf4 a6 4. e3 b5 5. h3 e6 6. Bd3 Bb7 7. Nf3 Nbd7 8. O-O {[%emt 0:03:33] The position is equal.} c5 9. dxc5 Nxc5 (9... Bxc5 $15 10. a4 b4) 10. a3 Be7 11. Qe2 O-O 12. Rfd1 Qe8 13. Ne5 Rc8 14. Bg5 Nfe4 15. Bxe7 Qxe7 16. Bxe4 dxe4 {[%emt 0:00:07] Black is better.} 17. Ng4 f6 18. Rd4 f5 19. Nh2 Nd7 {[%emt 0:02:20] Weighted Error Value: White=0.12 (very precise) /Black=0.08 (flawless) .  Mistake:       	---       	Black=1      Inaccurate:     	White=2     	---        OK:         	White=3     	Black=7} 1/2-1/2

[Event "Lliga Catalana Relegation 2024"]
[Site "Catalonia"]
[Date "2024.04.06"]
[Round "1.2"]
[White "Rojano Alfonso, Carlos"]
[Black "Lacasa Diaz, Josep Anton"]
[Result "1/2-1/2"]
[ECO "C00"]
[WhiteElo "2239"]
[BlackElo "2336"]
[Annotator "RC"]
[PlyCount "64"]
[EventDate "2024.01.18"]
[EventType "team-tourn"]
[EventCountry "ESP"]
[SourceTitle "playchess.com"]
[Source "ChessBase"]
[SourceQuality "1"]
[TimeControl "5400+30"]

1. g3 d5 2. Bg2 Nf6 3. Nf3 e6 4. O-O c5 5. d3 Nc6 6. Nbd2 Be7 7. e4 Qc7 8. Re1 b6 9. exd5 exd5 10. Nf1 O-O 11. Bf4 Bd6 12. Bg5 Ne8 13. Ne3 Be6 14. c4 dxc4 15. Nxc4 h6 16. Nxd6 Nxd6 17. Bf4 Rad8 18. d4 Nxd4 19. Nxd4 cxd4 20. Rc1 Qe7 21. Qxd4 Nb7 22. Qc3 Nc5 23. Rcd1 Rxd1 24. Rxd1 Rd8 25. Rxd8+ Qxd8 26. h3 Bxa2 27. Be3 Qd1+ 28. Kh2 Bd5 29. Bxc5 Bxg2 30. Kxg2 Qd5+ 31. Qf3 Qxc5 32. Qa8+ Kh7 1/2-1/2

[Event "Lliga Catalana Relegation 2024"]
[Site "Catalonia"]
[Date "2024.04.06"]
[Round "1.3"]
[White "Vehi Bach, Victor Manuel"]
[Black "Martinez Pla, Xavier"]
[Result "1/2-1/2"]
[ECO "B48"]
[WhiteElo "2213"]
[BlackElo "2267"]
[Annotator "RC"]
[PlyCount "55"]
[EventDate "2024.01.18"]
[EventType "team-tourn"]
[EventCountry "ESP"]
[SourceTitle "playchess.com"]
[Source "ChessBase"]
[SourceQuality "1"]
[TimeControl "5400+30"]

1. e4 c5 2. Nf3 e6 3. d4 cxd4 4. Nxd4 Nc6 5. Nc3 Qc7 6. Be3 a6 7. Qf3 h5 8. Qg3 d6 9. f4 Nf6 10. Bd3 Bd7 11. h3 b5 12. a3 h4 13. Qf2 Be7 14. O-O Rc8 15. Nf3 b4 16. axb4 Nxb4 17. Bxa6 Nxa6 18. Rxa6 Qc4 19. Ra7 Nxe4 20. Nxe4 Qxe4 21. c3 Ra8 22. Rfa1 O-O 23. Rxa8 Rxa8 24. Rxa8+ Qxa8 25. Nxh4 Qe4 26. Nf3 Bc6 27. Ng5 Bxg5 28. fxg5 1/2-1/2

[Event "Lliga Catalana Relegation 2024"]
[Site "Catalonia"]
[Date "2024.03.16"]
[Round "1.3"]
[White "Sanchez Aguilar, Arnau"]
[Black "Ubach Miralda, Marcelo"]
[Result "1/2-1/2"]
[ECO "B12"]
[WhiteElo "2168"]
[BlackElo "2235"]
[Annotator "RC"]
[PlyCount "53"]
[EventDate "2024.01.18"]
[EventType "team-tourn"]
[EventCountry "ESP"]
[SourceTitle "playchess.com"]
[Source "ChessBase"]
[SourceQuality "1"]
[TimeControl "5400+30"]

1. e4 c6 2. d4 d5 3. e5 c5 4. Nf3 Nc6 5. dxc5 Bg4 6. c3 e6 7. Be3 Nge7 8. Nbd2 g6 9. Bd4 Bg7 10. Be2 O-O 11. O-O Qc7 12. Re1 Bxf3 13. Nxf3 Nxe5 14. Nxe5 Bxe5 15. Bxe5 Qxe5 16. Bg4 Qc7 17. Qd4 Rac8 18. Qf6 h5 19. Bf3 Qxc5 20. Re5 Nf5 21. Bxd5 exd5 22. Rxf5 gxf5 23. Qg5+ Kh7 24. Qxh5+ Kg7 25. Qg5+ Kh7 26. Qh5+ Kg7 27. Qg5+ 1/2-1/2

[Event "Lliga Catalana Relegation 2024"]
[Site "Catalonia"]
[Date "2024.04.06"]
[Round "1.4"]
[White "Ventura Bolet, Maxim"]
[Black "Lever, Erwan"]
[Result "0-1"]
[ECO "A13"]
[WhiteElo "2262"]
[BlackElo "2254"]
[Annotator "RC"]
[PlyCount "76"]
[EventDate "2024.01.18"]
[EventType "team-tourn"]
[EventCountry "ESP"]
[SourceTitle "playchess.com"]
[Source "ChessBase"]
[SourceQuality "1"]
[TimeControl "5400+30"]

1. Nf3 Nf6 2. c4 e6 3. b3 d5 4. Bb2 dxc4 5. bxc4 b6 6. g3 Bb7 7. Bg2 Be7 8. O-O O-O 9. d3 Nbd7 10. Nc3 Nc5 11. Qc2 Qc8 12. e4 Rd8 13. e5 Ng4 14. d4 Na6 15. Qe2 c5 16. d5 exd5 17. cxd5 Nb4 18. d6 Bf8 19. Qc4 Bxf3 20. Bxf3 Nxe5 21. Qe4 Nxf3+ 22. Qxf3 Rxd6 23. Ne4 Qc6 24. Qf5 Rd5 25. Qh3 Nc2 26. Rac1 Nd4 27. Bxd4 Rxd4 28. Nc3 g6 29. Rfe1 Rad8 30. Qf1 Bh6 31. Ne2 Rd2 32. Red1 Qa4 33. Rxd2 Rxd2 34. Nc3 Qd4 35. Nb5 Qd7 36. a4 a6 37. Nc3 Qd4 38. Ne2 Rxe2 0-1

[Event "Lliga Catalana Relegation 2024"]
[Site "Catalonia"]
[Date "2024.04.06"]
[Round "1.4"]
[White "Lever, Erwan"]
[Black "Ventura Bolet, Maxim"]
[Result "*"]
[ECO "A13"]
[WhiteElo "2254"]
[BlackElo "2262"]
[Annotator "RC"]
[PlyCount "22"]
[EventDate "2024.01.18"]
[EventType "team-tourn"]
[EventCountry "ESP"]
[SourceTitle "playchess.com"]
[Source "ChessBase"]
[SourceQuality "1"]
[TimeControl "5400+30"]

1. Nf3 Nf6 2. c4 e6 3. b3 d5 4. Bb2 dxc4 5. bxc4 b6 6. g3 Bb7 7. Bg2 Be7 8. O-O O-O 9. d3 Nbd7 10. Nc3 Nc5 11. Qc2 Qc8 *

[Event "Lliga Catalana Relegation 2024"]
[Site "Catalonia"]
[Date "2024.03.16"]
[Round "1.4"]
[White "Del Amo Carbo, Jordi"]
[Black "Pozanco Romasanta, Marc"]
[Result "0-1"]
[ECO "E14"]
[WhiteElo "2098"]
[BlackElo "2021"]
[Annotator "NA RC"]
[PlyCount "108"]
[EventDate "2024.01.18"]
[EventType "team-tourn"]
[EventCountry "ESP"]
[SourceTitle "playchess.com"]
[Source "ChessBase"]
[SourceQuality "1"]
[TimeControl "5400+30"]

1. d4 d5 2. c4 e6 3. Nc3 Nf6 4. Nf3 Be7 5. e3 O-O 6. Bd3 Nbd7 7. O-O b6 8. cxd5 exd5 9. b3 Bb7 10. Bb2 Re8 11. Rc1 a6 12. Bb1 Bd6 13. Ne2 Ne4 14. Ng3 Qf6 15. Qc2 Rac8 16. Nd2 Qh6 17. Ndxe4 dxe4 18. Qe2 Qh4 19. Rfd1 Re6 20. Nf1 Bxh2+ 21. Nxh2 Rh6 22. Qg4 Qxh2+ 23. Kf1 Nf6 24. Qf4 Qh1+ 25. Ke2 Qxg2 26. Rxc7 Rxc7 27. Qxc7 Qf3+ 28. Kd2 Qxf2+ 29. Kc1 Qxe3+ 30. Rd2 Ne8 31. Qe7 Bc6 32. Kc2 Re6 33. Qd8 Bb5 34. Bc3 Qf4 35. d5 Rd6 36. Qb8 Qg5 37. a4 Bd3+ 38. Kb2 Qd8 39. Qxd8 Rxd8 40. Bxd3 exd3 41. Rxd3 Nc7 42. d6 Ne6 43. Be5 f6 44. Bh2 Kf7 45. b4 g5 46. Rh3 Kg6 47. Re3 Nf4 48. Re7 Rxd6 49. Kc3 h5 50. Ra7 b5 51. axb5 axb5 52. Rb7 Rd5 53. Kb3 Kf5 54. Bg1 Ne6 0-1

[Event "Lliga Catalana Relegation 2024"]
[Site "Catalonia"]
[Date "2024.04.06"]
[Round "1.5"]
[White "Fernandez Lozano, Francesc"]
[Black "Ventura Bolet, Alexandre"]
[Result "0-1"]
[ECO "B03"]
[WhiteElo "2068"]
[BlackElo "2250"]
[Annotator "RC"]
[PlyCount "102"]
[EventDate "2024.01.18"]
[EventType "team-tourn"]
[EventCountry "ESP"]
[SourceTitle "playchess.com"]
[Source "ChessBase"]
[SourceQuality "1"]
[TimeControl "5400+30"]

1. e4 Nf6 2. e5 Nd5 3. d4 d6 4. c4 Nb6 5. f4 g6 6. Nc3 Bg7 7. Be3 Be6 8. d5 Bc8 9. Nf3 O-O 10. h4 Bg4 11. h5 N8d7 12. hxg6 fxg6 13. Qd2 dxe5 14. O-O-O exf4 15. Bd4 Bxf3 16. gxf3 Nf6 17. Qd3 c5 18. Bf2 Nbd7 19. Bh3 Ne5 20. Be6+ Kh8 21. Qe2 Nfd7 22. Bh4 Bf6 23. Ne4 Kg7 24. Bg5 h5 25. Rdg1 Rh8 26. Bxf4 Nf8 27. Ng5 Qc7 28. Qe4 Nd3+ 29. Qxd3 Qxf4+ 30. Qd2 Bxg5 31. Rxg5 Qxd2+ 32. Kxd2 Nxe6 33. dxe6 Rad8+ 34. Kc3 Rd6 35. Rxc5 Rf8 36. Rh3 Rxe6 37. Rd5 Rd6 38. Re5 e6 39. Rg3 Rf5 40. Re1 Kf6 41. b4 h4 42. Rh3 g5 43. a4 Rf4 44. Rc1 Rdd4 45. Kb3 Rd3+ 46. Rc3 Rd1 47. a5 a6 48. c5 Rb1+ 49. Kc2 Rbxb4 50. c6 bxc6 51. Rxc6 Rbc4+ 0-1

[Event "Lliga Catalana Relegation 2024"]
[Site "Catalonia"]
[Date "2024.03.16"]
[Round "1.5"]
[White "Nunez Colome, David"]
[Black "Sort Sererols, Josep"]
[Result "1/2-1/2"]
[ECO "B32"]
[WhiteElo "1995"]
[BlackElo "2047"]
[Annotator "RC"]
[PlyCount "143"]
[EventDate "2024.01.18"]
[EventType "team-tourn"]
[EventCountry "ESP"]
[SourceTitle "playchess.com"]
[Source "ChessBase"]
[SourceQuality "1"]
[TimeControl "5400+30"]

1. e4 c5 2. Nf3 Nc6 3. d4 cxd4 4. Nxd4 e5 5. Nb5 d6 6. N1c3 a6 7. Na3 Be7 8. Nd5 Nf6 9. Nxf6+ Bxf6 10. Nc4 O-O 11. c3 b5 12. Ne3 Be6 13. Be2 Rb8 14. O-O Qd7 15. a4 Bg5 16. axb5 axb5 17. Nd5 Bxc1 18. Rxc1 Ne7 19. Nxe7+ Qxe7 20. Qd2 Rfd8 21. Ra1 Qc7 22. Qe3 Bc4 23. Rfd1 h6 24. h3 Rb7 25. Ra6 Bb3 26. Rda1 Bc4 27. Rd1 Bb3 28. Rda1 Kh7 29. Ra7 Ba4 30. Rxb7 Qxb7 31. Bd1 d5 32. exd5 Qxd5 33. Bxa4 bxa4 34. Re1 f6 35. Qe4+ Qxe4 36. Rxe4 Rd1+ 37. Kh2 Rd2 38. Rxa4 Rxb2 39. Kg3 Rc2 40. Rc4 h5 41. h4 Kg6 42. Rc7 Kf5 43. Kf3 g6 44. g3 Rc1 45. Rc6 g5 46. Rc5 gxh4 47. gxh4 Rh1 48. Rc4 Rh3+ 49. Kg2 Rd3 50. f3 Rd6 51. Kg3 Ke6 52. Rc8 f5 53. c4 f4+ 54. Kf2 Rd2+ 55. Kg1 Rc2 56. Rc7 e4 57. fxe4 Ke5 58. Rc5+ Kxe4 59. Rxh5 Rxc4 60. Rh8 Kf3 61. h5 Rc1+ 62. Kh2 Rc2+ 63. Kg1 Rg2+ 64. Kf1 Rh2 65. Kg1 Rh4 66. h6 Rh5 67. Rh7 Rg5+ 68. Kf1 Rh5 69. Kg1 Rh4 70. Rh8 Rh3 71. Rh7 Rh5 72. Rh8 1/2-1/2

[Event "Lliga Catalana Relegation 2024"]
[Site "Catalonia"]
[Date "2024.03.16"]
[Round "1.6"]
[White "Montes Molina, Ivan"]
[Black "Martin Capitan, Feliciano"]
[Result "1-0"]
[ECO "C56"]
[WhiteElo "2100"]
[BlackElo "2038"]
[Annotator "NA RC"]
[PlyCount "91"]
[EventDate "2024.01.18"]
[EventType "team-tourn"]
[EventCountry "ESP"]
[SourceTitle "playchess.com"]
[Source "ChessBase"]
[SourceQuality "1"]
[TimeControl "5400+30"]

1. e4 e5 2. Nf3 Nc6 3. d4 exd4 4. Bc4 Nf6 5. e5 d5 6. Bb5 Ne4 7. Nxd4 Bd7 8. Bxc6 bxc6 9. O-O Bc5 10. f3 Ng5 11. Be3 Bb6 12. f4 Ne4 13. Nd2 c5 14. N4f3 Nxd2 15. Qxd2 d4 16. Bf2 Bc6 17. f5 Bxf3 18. gxf3 Qd5 19. Bh4 Kd7 20. Bg3 Rad8 21. b3 c4 22. bxc4 Qxc4 23. Qd3 Qxd3 24. cxd3 Ba5 25. Rac1 Bc3 26. Be1 Bb2 27. Rc4 c5 28. Rxc5 Rc8 29. Rd5+ Kc6 30. Rd6+ Kc5 31. Rd7 Rhf8 32. Rf2 Bc3 33. Bxc3 dxc3 34. Rc2 Kb6 35. Kf2 a5 36. a4 Rc5 37. f4 Kc6 38. Rd6+ Kc7 39. Ke3 Rb8 40. Kd4 Rb2 41. Rc1 Rc6 42. Rxc6+ Kxc6 43. Rxc3+ Kb6 44. e6 fxe6 45. fxe6 Rxh2 46. Kd5 1-0

[Event "Lliga Catalana Relegation 2024"]
[Site "Catalonia"]
[Date "2024.04.06"]
[Round "1.7"]
[White "Garcia Marin, Guillem"]
[Black "Cano Sevilla, Ivan"]
[Result "1-0"]
[ECO "D11"]
[WhiteElo "2058"]
[BlackElo "2145"]
[Annotator "RC"]
[PlyCount "53"]
[EventDate "2024.01.18"]
[EventType "team-tourn"]
[EventCountry "ESP"]
[SourceTitle "playchess.com"]
[Source "ChessBase"]
[SourceQuality "1"]
[TimeControl "5400+30"]

1. d4 d5 2. Nf3 Nf6 3. g3 c6 4. Bg2 Bf5 5. c4 e6 6. Nc3 Nbd7 7. Qb3 Qb6 8. c5 Qxb3 9. axb3 b6 10. b4 a5 11. b5 cxb5 12. c6 Nb8 13. Nxb5 Bb4+ 14. Bd2 Bxd2+ 15. Kxd2 Ne4+ 16. Ke3 Ke7 17. c7 Nd7 18. Ne5 Nxe5 19. dxe5 Nc5 20. Nd6 Nb3 21. Ra3 d4+ 22. Kf4 g5+ 23. Kxg5 Rag8+ 24. Kh4 Rg4+ 25. Kh3 Rg6+ 26. Nxf5+ exf5 27. Bb7 1-0

[Event "Lliga Catalana Relegation 2024"]
[Site "Catalonia"]
[Date "2024.03.16"]
[Round "1.7"]
[White "Panades Catarineu, Oriol"]
[Black "Calvo Bures, Marc"]
[Result "1/2-1/2"]
[ECO "A34"]
[WhiteElo "2021"]
[BlackElo "2043"]
[Annotator "NA RC"]
[PlyCount "97"]
[EventDate "2024.01.18"]
[EventType "team-tourn"]
[EventCountry "ESP"]
[SourceTitle "playchess.com"]
[Source "ChessBase"]
[SourceQuality "1"]
[TimeControl "5400+30"]

1. Nf3 Nf6 2. c4 e6 3. g3 d5 4. d4 Be7 5. Bg2 O-O 6. O-O c5 7. cxd5 Nxd5 8. Nc3 Nxc3 9. bxc3 Nc6 10. Rb1 Qa5 11. Qb3 Rd8 12. Rd1 Bd7 13. Bf4 b6 14. dxc5 Qxc5 15. Nd4 Rac8 16. Nxc6 Bxc6 17. Be3 Qa5 18. Rxd8+ Bxd8 19. Qc4 Bb7 20. Qd3 Bd5 21. Bxd5 exd5 22. Qf5 Qxa2 23. Rd1 Qc4 24. Qxd5 Bf6 25. Qxc4 Rxc4 26. Rd7 Ra4 27. Bd4 h6 28. Bxf6 gxf6 29. Kg2 b5 30. Rb7 a6 31. Rb6 Kg7 32. e4 Ra3 33. f3 Rxc3 34. Rxa6 Rc2+ 35. Kh3 Rf2 36. f4 Re2 37. Rb6 Rb2 38. Kg4 b4 39. Kf5 b3 40. h4 h5 41. Rxf6 Rg2 42. Rb6 Rxg3 43. e5 Kf8 44. Rb7 Ke8 45. Kf6 Rg6+ 46. Kf5 Rg3 47. Kf6 Rg6+ 48. Kf5 Rg3 49. Kf6 1/2-1/2

[Event "Lliga Catalana Relegation 2024"]
[Site "Catalonia"]
[Date "2024.04.06"]
[Round "1.8"]
[White "Serra Canals, Oriol"]
[Black "Parra Dolz, Mario"]
[Result "1-0"]
[ECO "D47"]
[WhiteElo "2111"]
[BlackElo "2084"]
[Annotator "RC"]
[PlyCount "149"]
[EventDate "2024.01.18"]
[EventType "team-tourn"]
[EventCountry "ESP"]
[SourceTitle "playchess.com"]
[Source "ChessBase"]
[SourceQuality "1"]
[TimeControl "5400+30"]

1. d4 d5 2. c4 e6 3. Nf3 Nf6 4. Nc3 c6 5. e3 Nbd7 6. Bd3 dxc4 7. Bxc4 b5 8. Be2 Bb7 9. O-O Bd6 10. Qc2 b4 11. Nb1 c5 12. Nbd2 Rc8 13. Qa4 O-O 14. Qxa7 Bc6 15. Qa6 Qc7 16. b3 cxd4 17. exd4 e5 18. Bb2 e4 19. Ne5 Nxe5 20. dxe5 Bxe5 21. Bxe5 Qxe5 22. Nc4 Qf4 23. Rad1 Nd5 24. Nb6 Nc7 25. Qa7 Rb8 26. g3 Qe5 27. Rc1 Rb7 28. Nc4 Qe7 29. Qd4 Nb5 30. Qe5 Nc3 31. Rxc3 bxc3 32. Qxc3 Bb5 33. a4 Ba6 34. Rb1 Rfb8 35. Qc2 Rb4 36. Na5 Bxe2 37. Nc6 Qc7 38. Nxb4 Qxc2 39. Nxc2 Bd3 40. Rb2 f5 41. Ne3 g6 42. b4 Kf7 43. b5 Ke6 44. f3 exf3 45. Kf2 Be2 46. Nc2 Bd1 47. Nd4+ Kd5 48. Nc6 Ra8 49. Rd2+ Kc5 50. Rxd1 Rxa4 51. Rb1 Kb6 52. Kxf3 g5 53. Ne7 Ra3+ 54. Kf2 f4 55. gxf4 Ra2+ 56. Kf3 gxf4 57. Nd5+ Kb7 58. h4 Rh2 59. Kg4 f3 60. Kg3 Rd2 61. Ne3 f2 62. Ng4 Rb2 63. Rf1 Rxb5 64. Rxf2 Kc6 65. Rd2 h5 66. Nf6 Rf5 67. Ne4 Ra5 68. Kf4 Ra1 69. Kg5 Ra5+ 70. Kh6 Ra4 71. Re2 Ra5 72. Ng5 Kd6 73. Kxh5 Ra4 74. Re4 Ra6 75. Re6+ 1-0

[Event "Lliga Catalana Relegation 2024"]
[Site "Catalonia"]
[Date "2024.03.16"]
[Round "1.8"]
[White "Garcia Gallardo, Victor"]
[Black "Martin Perez, Pau"]
[Result "1-0"]
[ECO "B07"]
[WhiteElo "2081"]
[BlackElo "2039"]
[Annotator "NA RC"]
[PlyCount "59"]
[EventDate "2024.01.18"]
[EventType "team-tourn"]
[EventCountry "ESP"]
[SourceTitle "playchess.com"]
[Source "ChessBase"]
[SourceQuality "1"]
[TimeControl "5400+30"]

1. e4 d6 2. Bc4 Nd7 3. Nc3 g6 4. f4 Bg7 5. Nf3 c6 6. O-O Nb6 7. Bb3 Nf6 8. d3 O-O 9. Qe1 d5 10. a4 a5 11. Qh4 e6 12. f5 exf5 13. Bg5 h6 14. Bxh6 Bxh6 15. Qxh6 Ng4 16. Qf4 Qe7 17. Rae1 dxe4 18. h3 Qc5+ 19. d4 Qb4 20. hxg4 exf3 21. Na2 Nd5 22. Bxd5 Qxa4 23. Bb3 Qb5 24. Nc3 Qb4 25. Na2 Qb5 26. Qh6 fxg2 27. Qxg6+ Kh8 28. Qf6+ Kh7 29. Kxg2 Be6 30. Rh1+ 1-0

[Event "Lliga Catalana Relegation 2024"]
[Site "Catalonia"]
[Date "2024.04.06"]
[Round "1.9"]
[White "Lambert Pont, Michael"]
[Black "Pla Almenar, Nel"]
[Result "1-0"]
[ECO "A46"]
[WhiteElo "1983"]
[BlackElo "2071"]
[Annotator "RC"]
[PlyCount "59"]
[EventDate "2024.01.18"]
[EventType "team-tourn"]
[EventCountry "ESP"]
[SourceTitle "playchess.com"]
[Source "ChessBase"]
[SourceQuality "1"]
[TimeControl "5400+30"]

1. d4 Nf6 2. Bf4 e6 3. Nf3 c5 4. e3 cxd4 5. exd4 b6 6. Nbd2 Be7 7. h3 O-O 8. a4 d6 9. c3 Ba6 10. Bb5 Bxb5 11. axb5 Nd5 12. Bg3 Qd7 13. Qe2 Nc7 14. c4 a6 15. bxa6 Rxa6 16. O-O Rxa1 17. Rxa1 Nc6 18. Qd3 h6 19. Qb3 Rb8 20. d5 Nd8 21. Ra7 exd5 22. cxd5 b5 23. Ne4 Rb7 24. Ra1 Rb6 25. Nd4 Nb7 26. Ra7 f5 27. Nc3 Bf6 28. Ne6 Bxc3 29. Qxc3 Ne8 30. Qe3 1-0

[Event "Lliga Catalana Relegation 2024"]
[Site "Catalonia"]
[Date "2024.03.16"]
[Round "1.9"]
[White "Boix Redorta, Roc"]
[Black "Gonzalez Cuervo, Eloy"]
[Result "1-0"]
[ECO "B48"]
[WhiteElo "1957"]
[BlackElo "2046"]
[Annotator "NA RC"]
[PlyCount "93"]
[EventDate "2024.01.18"]
[EventType "team-tourn"]
[EventCountry "ESP"]
[SourceTitle "playchess.com"]
[Source "ChessBase"]
[SourceQuality "1"]
[TimeControl "5400+30"]

1. e4 c5 2. Nf3 e6 3. d4 cxd4 4. Nxd4 a6 5. Nc3 Qc7 6. Bd3 Nc6 7. Nb3 Bd6 8. Be3 Nf6 9. Qe2 Ne5 10. h3 b5 11. Bxb5 axb5 12. Nxb5 Qb8 13. Nxd6+ Qxd6 14. f4 Nxe4 15. fxe5 Qxe5 16. O-O-O Ng3 17. Qf3 Rxa2 18. Bd4 Ne2+ 19. Kb1 Nxd4 20. Nxd4 Qa5 21. Nb3 Qa7 22. Rd6 O-O 23. Rhd1 Bb7 24. Qd3 Ra8 25. c4 f5 26. Rxd7 Be4 27. Rxa7 R2xa7 28. Qxe4 fxe4 29. Re1 Rf7 30. Rxe4 Rf1+ 31. Kc2 Rf2+ 32. Kc3 Rxg2 33. Nd4 Rb8 34. Nb5 Rg3+ 35. Kb4 Kf7 36. c5 Ke7 37. Kc4 Rxh3 38. b4 g5 39. Nd4 Rh4 40. Rxe6+ Kd7 41. Rd6+ Kc7 42. b5 h5 43. b6+ Kb7 44. Rd7+ Kc8 45. Rc7+ Kd8 46. Kd5 Rh1 47. Nc6+ 1-0

[Event "Lliga Catalana Relegation 2024"]
[Site "Catalonia"]
[Date "2024.03.16"]
[Round "1.10"]
[White "Zamudio Diaz, Angel"]
[Black "Casares Bonals, Ainhoa"]
[Result "1/2-1/2"]
[ECO "B12"]
[WhiteElo "2097"]
[BlackElo "1943"]
[Annotator "NA RC"]
[PlyCount "91"]
[EventDate "2024.01.18"]
[EventType "team-tourn"]
[EventCountry "ESP"]
[SourceTitle "playchess.com"]
[Source "ChessBase"]
[SourceQuality "1"]
[TimeControl "5400+30"]

1. e4 c6 2. d4 d5 3. e5 c5 4. dxc5 e6 5. Nf3 Bxc5 6. Bd3 h6 7. Nbd2 Nc6 8. Nb3 Bb6 9. c3 Bd7 10. O-O g5 11. Re1 f5 12. exf6 Qxf6 13. Be3 Nge7 14. Bxb6 axb6 15. Qe2 Kf7 16. Nbd4 g4 17. Ne5+ Nxe5 18. Qxe5 Qxe5 19. Rxe5 Nc6 20. Nxc6 bxc6 21. a3 c5 22. Rae1 Kf6 23. Bc2 b5 24. Bd1 Rag8 25. f3 gxf3 26. Bxf3 Rg5 27. R5e2 h5 28. h4 Rf5 29. Rf2 Bc6 30. Ref1 Ke7 31. Bd1 Rxf2 32. Rxf2 Be8 33. Rf3 Rh6 34. Rg3 Rg6 35. Re3 Rf6 36. Re5 Rf5 37. Rxf5 exf5 38. Kf2 Ke6 39. Ke3 Ke5 40. g3 d4+ 41. cxd4+ cxd4+ 42. Kf3 Bc6+ 43. Kf2 Be8 44. Kf3 Bc6+ 45. Kf2 Be8 46. Kf3 1/2-1/2